 Dungeon Crawl Stone Soup version 0.23-a0-150-g7664ed78f7 (webtiles) character file.

569 Jesh the Covert (level 7, -14/32 HPs)
             Began as a Spriggan Enchanter on Sept 7, 2018.
             Was a Follower of Dithmenos.
             Demolished by an orc warrior
             ... wielding a +0 glaive
              (25 damage)
             ... on level 5 of the Dungeon.
             The game lasted 00:08:45 (4896 turns).

Jesh the Covert (Spriggan Enchanter)                Turns: 4896, Time: 00:08:46

Health: -14/32     AC:  4    Str:  5    XL:     7   Next: 11%
Magic:  6/15       EV: 18    Int: 18    God:    Dithmenos [*.....]
Gold:   210        SH:  0    Dex: 16    Spells: 3/15 levels left

rFire    . . .     SeeInvis +   a - +1 dagger
rCold    + . .     Gourm    .   (shield restricted)
rNeg     . . .     Faith    .   b - +0 robe
rPois    .         Spirit   .   (helmet restricted)
rElec    .         Reflect  .   j - +1 cloak
rCorr    .         Harm     .   (gloves unavailable)
MR       +....                  (boots unavailable)
Stlth    +++++.....             (no amulet)
HPRegen  0.10/turn              e - ring of protection from cold
MPRegen  0.14/turn              (no ring)

@: wreathed by umbra, very quick
A: very small, unfitting armour, see invisible, herbivore, speed 3, slow
metabolism 2
a: Renounce Religion


You were on level 5 of the Dungeon.
You worshipped Dithmenos.
Dithmenos was aware of your devotion.
You were not hungry.

You visited 1 branch of the dungeon, and saw 5 of its levels.

You collected 210 gold pieces.

Inventory:

Hand Weapons
 a - a +1 dagger (weapon)
 i - a cursed -1 short sword
Armour
 b - a +0 robe (worn)
 j - a +1 cloak (worn)
Jewellery
 e - a ring of protection from cold (left hand)
Wands
 p - a wand of random effects (24)
Scrolls
 c - 2 scrolls of immolation
 l - a scroll of identify
 m - a scroll of remove curse
Potions
 f - a potion of berserk rage
 g - a potion of lignification
 h - 3 potions of curing
 k - a potion of flight
 o - a potion of invisibility
Comestibles
 d - 6 rations


   Skills:
 - Level 1.1 Short Blades
 - Level 3.0 Dodging
 + Level 10.1 Stealth
 - Level 4.8 Spellcasting
 - Level 5.5 Hexes


You had 3 spell levels left.
You knew the following spells:

 Your Spells              Type           Power        Failure   Level  Hunger
a - Ensorcelled Hibernat  Hex/Ice        ##....       7%          2    #......
b - Corona                Hex            ###....      1%          1    None
c - Confuse               Hex            ###.....     4%          3    ###....
d - Tukima's Dance        Hex            ###.....     4%          3    ###....
e - Dazzling Spray        Conj/Hex       ##....       13%         3    ###....

Your spell library contained the following spells:

 Spells                   Type           Power        Failure   Level  Hunger


Dungeon Overview and Level Annotations

Branches:
Dungeon (5/15)             Temple (0/1) D:5

Altars:
Cheibriados
Dithmenos
Elyvilon
Hepliaklqana
Qazlal
Uskayaw
Yredelemnul
Zin
The Shining One

Annotations:
D:4 Natasha


Innate Abilities, Weirdness & Mutations

You are very small and have problems with some larger weapons.
You are too small for most types of armour.
You have supernaturally acute eyesight. (SInv)
You are a herbivore.
You cover ground extremely quickly.
You need to consume almost no food.


Message History

Press: ? - help, Shift-Dir - straight line, f - orc priest, p - orc warrior
Aim: an orc priest, wielding a flail and wearing a ring mail (umbra, chance to The orc priest looks drowsy...
The helpless orc priest fails to defend itself.
You stick the orc priest like a pincushion!!!
You kill the orc priest!
Dithmenos accepts your kill.
Your Stealth skill increases to level 10!
The orc warrior hits you from afar with a glaive!!
Ouch! That really hurt!
A leopard gecko skeleton comes into view.
Casting: Ensorcelled Hibernation (safe; 7% risk of failure)
Confirm with . or Enter, or press ? or * to list all spells.
Aiming: Ensorcelled Hibernation (safe; 7% risk of failure)
Press: ? - help, Shift-Dir - straight line, f - orc warrior
Aim: an orc warrior, wielding a glaive and wearing a plate armour (chance to The orc warrior resists with some effort.
The orc warrior hits you from afar with a glaive!!
Ouch! That really hurt!
You die...

....##
#.....##.###
.....#..
#...........
....... ..
#......#.###
.......
....###.......###
.#....
.................
....###
....###.......###
.#..#..
........)<.......
.#..#.#
......#.#########
....#.#
.......@.)......
....#.#
.....Z#..o......
...##.#
#..#..##.........
......#.......
#.........
#.....#......
#.........
#....##......
#.........
#............
#.........
........#.....
..........
........#.....


You could see an orc warrior and a leopard gecko skeleton.

Vanquished Creatures
  An ogre (D:4)
  A scorpion (D:5)
  2 bullfrog zombies (D:5)
  A crimson imp (D:2)
  A hound (D:5)
  3 orc priests
  An iguana (D:3)
  Natasha (D:4)
  2 orc wizards (D:4)
  A gnoll (D:1)
  An adder (D:2)
  3 oozes
  An adder skeleton (D:4)
  A worm (D:3)
  2 dart slugs
  3 leopard geckos (D:2)
  9 orcs
  2 bats
  3 giant cockroaches
  3 hobgoblins
  10 jackals
  2 kobolds
  4 quokkas
  2 frilled lizards
  5 goblins
  5 rats
70 creatures vanquished.

Notes
Turn   | Place    | Note
-------+----------+-------------------------------------------
     0 | D:1      | Jesh the Spriggan Enchanter began the quest for the Orb.
     0 | D:1      | Reached XP level 1. HP: 9/9 MP: 5/5
   534 | D:1      | Reached XP level 2. HP: 13/13 MP: 7/7
   538 | D:1      | Learned a level 2 spell: Ensorcelled Hibernation
  1136 | D:2      | Reached XP level 3. HP: 15/16 MP: 9/9
  1279 | D:2      | Learned a level 3 spell: Confuse
  1283 | D:2      | Learned a level 3 spell: Tukima's Dance
  1867 | D:2      | Reached skill level 5 in Hexes
  1867 | D:2      | Reached XP level 4. HP: 18/21 MP: 3/11
  2443 | D:2      | Found a stormy altar of Qazlal.
  2842 | D:3      | Found a shadowy altar of Dithmenos.
  2843 | D:3      | Found a basalt altar of Yredelemnul.
  2853 | D:3      | Became a worshipper of Dithmenos the Shadowed
  3171 | D:3      | Found a white marble altar of Elyvilon.
  3171 | D:3      | Found a glowing golden altar of the Shining One.
  3172 | D:3      | Found a glowing silver altar of Zin.
  3210 | D:3      | Reached XP level 5. HP: 24/24 MP: 13/13
  3262 | D:3      | Found a hazy altar of Hepliaklqana.
  3533 | D:4      | Reached skill level 5 in Stealth
  3562 | D:4      | Reached skill level 6 in Stealth
  3781 | D:4      | Found a snail-covered altar of Cheibriados.
  3791 | D:4      | Noticed an ogre
  3807 | D:4      | Killed an ogre
  3807 | D:4      | Reached skill level 7 in Stealth
  3807 | D:4      | Reached XP level 6. HP: 28/28 MP: 6/14
  3812 | D:4      | Learned a level 3 spell: Dazzling Spray
  3997 | D:4      | Noticed Natasha
  4004 | D:4      | Killed Natasha
  4004 | D:4      | Reached skill level 8 in Stealth
  4032 | D:4      | Noticed Natasha
  4049 | D:5      | Entered Level 5 of the Dungeon
  4367 | D:5      | Reached * piety under Dithmenos
  4479 | D:5      | Found a hide-covered altar of Uskayaw.
  4533 | D:5      | Reached skill level 9 in Stealth
  4752 | D:5      | Found a staircase to the Ecumenical Temple.
  4761 | D:5      | Reached XP level 7. HP: 32/32 MP: 9/15
  4894 | D:5      | Reached skill level 10 in Stealth
  4896 | D:5      | Demolished by an orc warrior

Vault maps used:
D:1:      minmay_arrival_plants_in_alcoves
D:2:      nicolae_qazlal_eye_of_the_storm, minmay_ruptured
D:3:      good_gods_temple_1, gammafunk_temple_overflow_pools,
          lemuel_coloured_pillars_altar
D:4:      lemuel_crystal_altar, lemuel_crystal_altar, first_ration,
          serial_shops, nicolae_shop_behind_doors, uniq_natasha
D:5:      kennysheep_little_box, minmay_temple_entry_overgrown

Skill      XL: |  1  2  3  4  5  6  7 |
---------------+----------------------+-----
Spellcasting   | 3 4 |  4.8
Hexes          | 4 5 |  5.5
Stealth        | 7 9 10 | 10.1
Short Blades   | |  1.1
Dodging        | |  3.0

Action                   |  1- 3 |  4- 6 |  7- 9 || total
-------------------------+-------+-------+-------++-------
Melee: Dagger            |   142 |    89 |     4 ||   235
 Cast: Corona            |     3 |       |       ||     3
       Ensorcelled Hiber |    11 |    32 |     8 ||    51
       Confuse           |       |     8 |       ||     8
       Dazzling Spray    |       |     2 |       ||     2
       Tukima's Dance    |       |       |     1 ||     1
  Use: Scroll            |     5 |     4 |     1 ||    10
       Potion            |       |     1 |       ||     1
 Stab: Sleeping          |    13 |    24 |     3 ||    40
       Confused          |       |     6 |       ||     6
  Eat: Ration            |       |     2 |       ||     2
Armor: Robe              |    12 |     8 |     1 ||    21
Dodge: Dodged            |   131 |    77 |     5 ||   213

Table legend:
 A = Non-vault XP
 B = Vault XP
 C = Vault XP percentage of total XP
 D = Non-vault monster count
 E = Vault monster count
 F = Vault count percentage of total count
                 A         B        C        D         E       F
            +---------+---------+-------+---------+---------+-------
      Total |     775 |      38 |   4.7 |      68 |       2 |   2.9
            +---------+---------+-------+---------+---------+-------
        D:1 |      37 |       0 |   0.0 |      11 |       0 |   0.0
        D:2 |     103 |       2 |   1.9 |      22 |       1 |   4.3
        D:3 |      62 |       0 |   0.0 |      10 |       0 |   0.0
        D:4 |     255 |      36 |  12.4 |      12 |       1 |   7.7
        D:5 |     318 |       0 |   0.0 |      13 |       0 |   0.0
            +---------+---------+-------+---------+---------+-------
